 Dungeon Crawl Stone Soup version 0.31-a0-1009-g454b1f1e0a (webtiles) character file.

Game seed: 6785186430323491410

5037 BinkBink the Fighter (level 10, 0/80 HPs)
             Began as a Demonspawn Fighter on Nov 14, 2023.
             Was an Initiate of Okawaru.
             Killed from afar by an efreet (32 damage)
             ... with a fireball
             ... on level 8 of the Dungeon.
             The game lasted 00:25:44 (8826 turns).

BinkBink the Fighter (Demonspawn Fighter)           Turns: 8826, Time: 00:25:44

Health: 0/80       AC:  8    Str: 20    XL:     10   Next: 30%
Magic:  10/10      EV: 10    Int: 10    God:    Okawaru [......]
Gold:   98         SH: 11    Dex: 19    Spells: 9/9 levels left

rFire   . . .        a - +1 war axe
rCold   + . .        w - +0 kite shield
rNeg    . . .        L - +0 troll leather armour {Pargi}
rPois   .            (helmet restricted)
rElec   .            (no cloak)
rCorr   .            s - +0 pair of gloves
SInv    .            G - +1 pair of boots
Will    .....        J - amulet of faith
Stlth   ++           B - +6 ring of dexterity
HPRegen 1.13/turn    K - ring of protection from cold
MPRegen 0.12/turn

%: faith
@: no status effects
A: antennae 2, (demonic guardian 2), foul stench 3, sharp scales 1
a: Renounce Religion


You were on level 8 of the Dungeon.
You worshipped Okawaru.
Okawaru was noncommittal.
You visited 2 branches of the dungeon, and saw 9 of its levels.
You also visited: Sewer and Ossuary.

You collected 425 gold pieces.
You spent 327 gold pieces at shops.

Inventory:

Hand Weapons
 a - a +1 war axe (weapon)
 D - the +8 short sword of Cobwebs {vamp, rF- rC++}
   (You found it on level 6 of the Dungeon)

   rF-:       It makes you vulnerable to fire.
   rC++:      It greatly protects you from cold.
Missiles
 i - 4 boomerangs (quivered)
Armour
 b - a +0 scale mail
 s - a +0 pair of gloves (worn)
 w - a +0 kite shield (worn)
 G - a +1 pair of boots (worn)
 L - a +0 troll leather armour (worn) {Pargi}
Jewellery
 B - a +6 ring of dexterity (left hand)
 J - an amulet of faith (around neck)
 K - a ring of protection from cold (right hand)
Wands
 u - a wand of paralysis (7)
 v - a wand of light (7)
 y - a wand of mindburst (8)
 A - a wand of flame (2)
Scrolls
 h - 6 scrolls of teleportation
 j - 3 scrolls of fear
 o - 5 scrolls of vulnerability
 p - 2 scrolls of poison
 r - 4 scrolls of enchant armour
 t - a scroll of immolation
 x - 2 scrolls of blinking
 C - 2 scrolls of amnesia
 F - a scroll of fog
 H - a scroll of identify
 I - a scroll of noise
 M - a scroll of brand weapon {unknown}
Potions
 c - 2 potions of heal wounds
 d - 3 potions of might
 e - 3 potions of curing {unknown}
 f - 3 potions of mutation {unknown}
 g - a potion of lignification {unknown}
 k - 4 potions of haste {unknown}
 l - 2 potions of magic {unknown}
 m - 2 potions of attraction {unknown}
 n - a potion of brilliance {unknown}
 q - 3 potions of cancellation {unknown}
 z - a potion of berserk rage
 E - 2 potions of enlightenment {unknown}


   Skills:
 + Level 8.2 Fighting
 + Level 7.0 Axes
 + Level 7.5 Armour
 - Level 1.4 Stealth
 * Level 7.6 Shields


You had 9 spell levels left.
You didn't know any spells.
Your spell library contained the following spells:

 Spells                   Type           Power      Damage    Failure   Level
 Shock                    Conj/Air       0%         1d3       67%         1
 Lesser Beckoning         Tloc           0%         N/A       80%         2
 Gell's Gravitas          Tloc           0%         N/A       95%         3
 Swiftness                Air            0%         N/A       95%         3
 Teleport Other           Tloc           0%         N/A       95%         3
 Airstrike                Air            0%         2d(0-16)  100%        4
 Olgreb's Toxic Radiance  Pois           0%         N/A       100%        4
 Discord                  Hex            0%         N/A       100%        8
 Ignition                 Fire           0%         3d3       100%        8


Dungeon Overview and Level Annotations

Branches:
Dungeon (8/15)             Temple (1/1) D:7           Sewer (visited)
Ossuary (visited)
   Lair: D:8-11

Altars:
Ashenzari
Cheibriados
Dithmenos
Fedhas
Gozag
Hepliaklqana
Kikubaaqudgha
Makhleb
Nemelex Xobeh
Okawaru
Qazlal
Ru
Sif Muna
Trog
Uskayaw
Vehumet
Wu Jian
Yredelemnul

Shops:
D:1 ?   D:2 *?   D:3 [   D:4 :


Innate Abilities, Weirdness & Mutations

You have a pair of antennae on your head.
((A demonic guardian rushes to your aid.))
You frequently emit foul miasma when damaged in melee.
You are partially covered in razor-sharp scales. (AC +1, Slay +1)


Message History

Press: ? - help, Q - select action, (/) - cycle Shift-Dir - straight line, f/p - orc
Aim: an orc, wielding a +0 club and wearing a +0 chain mail (lightly wounded, 71% to hit)
You throw a boomerang.
The boomerang hits the orc but does no damage.
The orc is lightly wounded.
Throw: 5 boomerangs
Press: ? - help, Q - select action, (/) - cycle Shift-Dir - straight line, f/p - orc
Aim: an orc, wielding a +0 club and wearing a +0 chain mail (lightly wounded, 71% to hit)
You throw a boomerang.
The boomerang hits the orc but does no damage.
The orc is lightly wounded.
Throw: 5 boomerangs
Press: ? - help, Q - select action, (/) - cycle Shift-Dir - straight line, f/p - orc
Aim: an orc, wielding a +0 club and wearing a +0 chain mail (lightly wounded, 71% to hit)
You throw a boomerang.
The boomerang hits the orc and shatters for extra damage.
The orc is heavily wounded.
The orc hits you but does no damage.
You slash the orc!
You kill the orc!
Okawaru accepts your kill.
You hit the orc but do no damage.
The orc is heavily wounded.
You block the orc's attack. x2
You hit the orc.
The orc is severely wounded.
You block the orc's attack.
An efreet comes into view.
It is wielding a +1 scimitar of flaming.
You hit the orc but do no damage.
The orc is severely wounded.
You block the orc's attack.
You slash the orc!
You kill the orc!
Okawaru accepts your kill.
You barely miss the efreet.
The efreet hits you with a +1 scimitar of flaming!
The efreet burns you. The efreet gestures at you.
The fireball explodes!
The fireball engulfs you!!
You die...

......###........<.###)..?#
... ......# #.##.......#
#....# ......###'#........#
#....# ..###..............#
o. #..............# ♣
#..............###
..................#..
♣...###...#....)...... ....
########@####### .~# ♣R♣
.♣° .♣ ♣° #♣, ☼♣#


You could see an efreet.

Vanquished Creatures
  Pikel (D:5)
  Grinder (D:5)
  2 wraiths (D:8)
  A wyvern (D:8)
  A steam dragon (D:7)
  Duvessa (D:6)
  3 water moccasins
  An acid dragon (D:8)
  Pargi (Sewer)
  3 ice beasts
  A hornet zombie (D:6)
  An ogre (D:5)
  A centaur (D:7)
  A lemure (D:5)
  4 phantoms
  2 bullfrogs (D:7)
  3 necrophages (D:6)
  2 elf skeletons (D:7)
  2 scorpions
  3 wights (D:6)
  Dowan (D:6)
  7 killer bees
  4 howler monkeys
  A centaur zombie (D:6)
  2 orc priests (D:3)
  3 hounds (D:6)
  2 gnoll boudas
  A human zombie (D:6)
  A jelly (D:6)
  A human skeleton (D:7)
  6 iguanas
  Ijyb (D:4)
  2 orc wizards
  4 mummies
  Robin (D:3)
  A gnoll (D:1)
  8 adders
  2 white imps
  2 ufetubi (D:6)
  4 dart slugs
  18 orcs
  10 ball pythons
  6 endoplasms
  5 giant cockroaches
  13 goblins
  10 hobgoblins
  5 jackals
  5 quokkas
  11 bats
  3 frilled lizards
  7 gnoll skeletons (Ossuary)
  2 kobolds (D:4)
  7 kobold skeletons (Ossuary)
  13 orc skeletons
  An orc zombie (D:7)
  7 rats
212 creatures vanquished.

Vanquished Creatures (collateral kills)
  A wraith (Ossuary)
1 creature vanquished.

Vanquished Creatures (others)
  A sky beast (D:7)
  A phantom (D:7)
  An orc (D:7)
3 creatures vanquished.

Grand Total: 216 creatures vanquished

Notes
Turn   | Place    | Note
-------+----------+-------------------------------------------
     0 | D:1      | BinkBink the Demonspawn Fighter began the quest for the
                  | Orb.
     0 | D:1      | Reached XP level 1. HP: 18/18 MP: 1/1
   205 | D:1      | Gained mutation: You may rarely emit foul miasma when
                  | damaged in melee. [demonic ancestry]
   205 | D:1      | Reached XP level 2. HP: 18/24 MP: 2/2
   242 | D:1      | Found Axar Saru's Magic Scroll Emporium.
   537 | D:1      | Gained mutation: You sometimes emit foul miasma when
                  | damaged in melee. [demonic ancestry]
   537 | D:1      | Reached XP level 3. HP: 16/29 MP: 3/3
  1013 | D:2      | Found Pyxkukh's Magic Scroll Shoppe.
  1331 | D:2      | Gained mutation: You have a pair of small antennae on your
                  | head. [demonic ancestry]
  1331 | D:2      | Reached XP level 4. HP: 32/35 MP: 4/4
  1546 | D:2      | Found Iniurroz's Assorted Antiques.
  1978 | D:3      | Reached skill level 1 in Stealth
  1978 | D:3      | Gained mutation: A weak demonic guardian rushes to your
                  | aid. [demonic ancestry]
  1978 | D:3      | Reached XP level 5. HP: 36/42 MP: 5/5
  2000 | D:3      | Reached skill level 4 in Fighting
  2133 | D:3      | Noticed Robin
  2291 | D:3      | Killed Robin
  2361 | D:3      | Found a radiant altar of Vehumet.
  2423 | D:3      | Found Umem's Antique Armour Emporium.
  3097 | D:4      | Noticed Ijyb
  3103 | D:4      | Paralysed by Ijyb for 3 turns
  3107 | D:4      | Killed Ijyb
  3271 | D:3      | Gained mutation: You are partially covered in razor-sharp
                  | scales. (AC +1, Slay +1) [demonic ancestry]
  3271 | D:3      | Reached XP level 6. HP: 48/48 MP: 6/6
  3660 | D:4      | Found Yschixix's Book Emporium.
  3935 | D:4      | Found a stormy altar of Qazlal.
  3976 | D:5      | Entered Level 5 of the Dungeon
  4128 | D:5      | Gained mutation: A demonic guardian rushes to your aid.
                  | [demonic ancestry]
  4128 | D:5      | Reached XP level 7. HP: 52/55 MP: 7/7
  4163 | D:5      | Noticed Pikel
  4180 | D:5      | Killed Pikel
  4181 | D:5      | Reached skill level 5 in Fighting
  4181 | D:5      | Reached skill level 5 in Armour
  4181 | D:5      | Reached skill level 5 in Shields
  4181 | D:5      | Gained mutation: You frequently emit foul miasma when
                  | damaged in melee. [demonic ancestry]
  4181 | D:5      | Reached XP level 8. HP: 19/63 MP: 8/8
  4184 | D:5      | Found a glowing drain.
  4195 | Sewer    | Entered a sewer
  4357 | Sewer    | Noticed Pargi
  4370 | Sewer    | Killed Pargi
  4796 | D:5      | Noticed Grinder
  4806 | D:5      | Killed Grinder
  4807 | D:5      | Reached skill level 6 in Fighting
  5009 | D:2      | Bought 3 scrolls labelled FUTHID LISI for 69 gold pieces
  5009 | D:2      | Bought a sedimented orange potion for 20 gold pieces
  5009 | D:2      | Bought 2 scrolls labelled WAMIKU WOALLO for 46 gold pieces
  5009 | D:2      | Bought a pair of embroidered boots for 172 gold pieces
  5088 | D:1      | Bought a scroll of identify for 20 gold pieces
  5183 | D:6      | Identified the +8 short sword of Cobwebs {vamp, rF- rC++}
  5214 | D:6      | Noticed Duvessa
  5217 | D:6      | Noticed Dowan
  5227 | D:6      | Killed Duvessa
  5240 | D:6      | Reached skill level 5 in Axes
  5245 | D:6      | Killed Dowan
  5358 | D:6      | Found a hazy altar of Hepliaklqana.
  5712 | D:6      | Found a basalt altar of Yredelemnul.
  5758 | D:6      | Reached XP level 9. HP: 48/71 MP: 9/9
  6155 | D:6      | Reached skill level 7 in Fighting
  6689 | D:7      | Found a sand-covered staircase.
  6695 | Ossuary  | Entered an ossuary
  7533 | D:7      | Found a staircase to the Ecumenical Temple.
  7620 | D:7      | Gained mutation: You have a pair of antennae on your head.
                  | [demonic ancestry]
  7620 | D:7      | Reached XP level 10. HP: 74/80 MP: 10/10
  7893 | D:7      | Reached skill level 8 in Fighting
  8536 | Temple   | Entered the Ecumenical Temple
  8553 | Temple   | Became a worshipper of Warmaster Okawaru
  8826 | D:8      | Killed from afar by an efreet

Illustrated notes

Levels and vault maps discovered:
D:1:      dpeg_arrival_water_fire, layout_basic, serial_shops,
          nicolae_shop_waterfront, minmay_box_of_dots
D:2:      layout_basic, serial_shops, nicolae_shop_peninsula,
          nicolae_shop_tiny_glass
D:3:      layout_basic, amcnicky_altar_gilded, serial_shops, shop, uniq_robin
D:4:      layout_cave_pods, kennysheep_mini, serial_shops,
          nicolae_shop_behind_doors, uniq_ijyb
D:5:      layout_gridville, portal_sewer_entry_a, uniq_pikel, uniq_grinder
D:6:      minmay_chambers_of_threes, layout_loops_cross,
          lemuel_mausoleum_altar_yredelemnul, lemuel_round_altar, uniq_duvessa
D:7:      layout_basic, minmay_temple_entry_fiery,
          nicolae_ossuary_entry_catacombs, minivault_19, nicolae_benzene_ring,
          nicolae_figureground_pulse
D:8:      nzn_winding_woodlands_large [nzn_winding_woodlands_5x5_perimeter,
          nzn_winding_woodlands_5x15_jagged, nzn_winding_woodlands_5x5_cross,
          nzn_winding_woodlands_center_triple_pond,
          nzn_winding_woodlands_15x15_thick_spiral,
          nzn_winding_woodlands_center_diamonds,
          nzn_winding_woodlands_5x5_closed_star,
          nzn_winding_woodlands_5x15_concentric,
          nzn_winding_woodlands_5x5_three], layout_basic, elyvilon_altar_4,
          minmay_guarded_unrand_finisher
Temple:   eino_temple_scatter_basement

Skill      XL: |  1  2  3  4  5  6  7  8  9 10 |
---------------+-------------------------------+-----
Axes           | 2 3 4 5 6 7 |  7.0
Shields        | 3 4 5 6 7 |  7.6
Armour         | 3 4 5 6 7 |  7.5
Stealth        | 1 |  1.4
Fighting       | 4 5 6 7 8 |  8.2

Action                     |  1- 3 |  4- 6 |  7- 9 | 10-12 || total
---------------------------+-------+-------+-------+-------++-------
  Melee: War axe           |    94 |   165 |   411 |   119 ||   789
  Throw: Boomerang         |       |     6 |     5 |     4 ||    15
  Evoke: Wand              |       |     1 |     9 |     6 ||    16
    Use: Scroll            |       |       |     2 |    10 ||    12
         Potion            |       |       |     2 |     1 ||     3
   Stab: Paralysed         |       |     3 |     4 |       ||     7
 Armour: Scale mail        |    72 |   131 |   311 |    31 ||   545
         Troll leather arm |       |       |       |    59 ||    59
  Dodge: Dodged            |    35 |    73 |   156 |    40 ||   304
  Block: Buckler           |    28 |    36 |       |       ||    64
         Kite shield       |       |    28 |   216 |    84 ||   328

Table legend: (Time is in decaauts)
 A = Elapsed time spent in this place.
 B = Non-inter-level travel time spent in this place.
 C = Inter-level travel time spent in this place.
 D = Time resting spent in this place.
 E = Time spent auto-exploring this place.
 F = Levels seen in this place.
 G = Mean time per level.
                   A        B        C        D        E       F      G
               +--------+--------+--------+--------+--------+-----+--------+
         Total |   9181 |   8565 |    616 |    947 |   5270 |  11 |  834.6 |
       Dungeon |   8570 |   7987 |    583 |    734 |   5165 |   8 | 1071.2 |
        Temple |     34 |      1 |     33 |      0 |      0 |   1 |   34.0 |
         Sewer |    236 |    236 |      0 |    123 |      1 |   1 |  236.0 |
       Ossuary |    339 |    339 |      0 |     90 |    104 |   1 |  339.0 |
               +--------+--------+--------+--------+--------+-----+--------+

Top non-repeatable levels by time:
     D:7: 1577 daAuts
     D:6: 1502 daAuts
     D:3: 1354 daAuts
     D:2: 1095 daAuts
     D:1: 953 daAuts
     D:5: 918 daAuts
     D:4: 880 daAuts
 Ossuary: 339 daAuts
     D:8: 289 daAuts
   Sewer: 236 daAuts
  Temple: 34 daAuts
